 Dungeon Crawl Stone Soup version 0.23.2 (webtiles) character file.

Game seed: 12620975271148231376

6321 Borgoz the Cutter (level 10, 0/61 HPs)
             Began as a Gargoyle Gladiator on Apr 9, 2019.
             Was a Follower of Ashenzari.
             Slain by a yak (7 damage)
             ... on level 10 of the Dungeon.
             The game lasted 00:16:16 (8920 turns).

Borgoz the Cutter (Gargoyle Gladiator)              Turns: 8920, Time: 00:16:17

Health: 0/61       AC: 16    Str: 19    XL:     10   Next: 95%
Magic:  0/14       EV: 17    Int:  8    God:    Ashenzari [*.....]
Gold:   102        SH:  0    Dex: 18    Spells: 5/14 levels left

rFire    . . .     SeeInvis +   a - +2 dagger (venom)
rCold    . . .     Gourm    .   (no shield)
rNeg     + . .     Faith    .   b - +0 leather armour
rPois    ∞         Spirit   +   E - +2 helmet
rElec    +         Reflect  .   (no cloak)
rCorr    .         Harm     .   w - +0 pair of gloves
MR       .....                  l - +0 pair of boots
Stlth    +++.......             e - amulet of guardian spirit (curse)
HPRegen  0.20/turn              F - ring of see invisible
MPRegen  0.14/turn              p - +4 ring of dexterity

@: no status effects
A: negative energy resistance 1, electricity resistance, unbreathing,
petrification resistance, rot immunity, AC +7
a: Curse Item, Scrying, Renounce Religion


You were on level 10 of the Dungeon.
You worshipped Ashenzari.
Ashenzari was aware of your devotion.
You were not hungry.

You visited 2 branches of the dungeon, and saw 11 of its levels.

You collected 551 gold pieces.
You spent 449 gold pieces at shops.

Inventory:

Hand Weapons
 a - a +2 dagger of venom (weapon)
 s - a +0 rapier
 u - a +2 dagger of distortion
 v - a +1 short sword of freezing
Missiles
 d - 3 throwing nets (quivered)
Armour
 b - a +0 leather armour (worn)
 l - a +0 pair of boots (worn)
 w - a +0 pair of gloves (worn)
 E - a +2 helmet (worn)
Jewellery
 e - a cursed amulet of guardian spirit (around neck)
 h - an uncursed ring of protection from cold
 i - an uncursed ring of resist corrosion
 p - a +4 ring of dexterity (right hand)
 A - an uncursed ring of flight
 F - a ring of see invisible (left hand)
Wands
 c - a wand of iceblast (12)
 g - a wand of random effects (26)
 r - a wand of paralysis (6)
 J - a wand of flame (16)
Scrolls
 m - a scroll of fog {unknown}
 n - 2 scrolls of magic mapping
 t - 3 scrolls of enchant weapon
 x - 2 scrolls of blinking
 y - a scroll of teleportation
 z - 4 scrolls of enchant armour
 C - 3 scrolls of amnesia
 D - 2 scrolls of remove curse
 K - a scroll of vulnerability {unknown}
Potions
 j - a potion of berserk rage
 k - a potion of resistance
 o - a potion of haste
 q - a potion of magic
 B - a potion of mutation {unknown}
 H - a potion of ambrosia
 I - a potion of curing
Comestibles
 f - 27 rations


   Skills:
 + Level 6.4 Fighting
 * Level 7.8 Short Blades
 - Level 1.7 Throwing
 + Level 6.0 Armour
 * Level 7.1 Dodging
 + Level 6.5 Stealth
 + Level 2.8 Spellcasting
 + Level 2.8 Hexes
 + Level 0.6 Translocations
 + Level 3.7 Evocations


You had 5 spell levels left.
You knew the following spells:

 Your Spells              Type           Power        Failure   Level  Hunger
a - Confusing Touch       Hex            #.....       12%         1    ##.....
b - Confuse               Hex            #.......     34%         3    ####...
c - Blink                 Tloc           N/A          41%         2    ###....
d - Mephitic Cloud        Conj/Pois/Air  #.......     75%         3    ####...

Your spell library contained the following spells:

 Spells                   Type           Power        Failure   Level  Hunger
 Corona                   Hex            #......      12%         1    ##.....
 Slow                     Hex            #.......     19%         2    ###....
 Ensorcelled Hibernation  Hex/Ice        #.....       32%         2    ###....
 Tukima's Dance           Hex            #.......     34%         3    ####...
 Beastly Appendage        Tmut           #.....       36%         1    ##.....
 Magic Dart               Conj           #...         36%         1    ##.....
 Summon Small Mammal      Summ           #...         36%         1    ##.....
 Call Imp                 Summ           #.......     50%         2    ###....
 Sticks to Snakes         Tmut           #.......     50%         2    ###....
 Dazzling Spray           Conj/Hex       #.....       54%         3    ####...
 Summon Guardian Golem    Hex/Summ       #.......     54%         3    ####...
 Gell's Gravitas          Tloc           #.........   65%         3    ####...
 Call Canine Familiar     Summ           #.......     75%         3    ####...
 Conjure Flame            Conj/Fire      #.......     75%         3    ####...
 Spider Form              Tmut/Pois      #.........   75%         3    ####...
 Ice Form                 Ice/Tmut       #.......     98%         4    #####..
 Petrify                  Tmut/Erth      #.......     98%         4    #####..
 Summon Ice Beast         Ice/Summ       #.......     98%         4    #####..
 Summon Lightning Spire   Summ/Air       #.......     98%         4    #####..
 Metabolic Englaciation   Hex/Ice        #.........   99%         5    ######.
 Yara's Violent Unravell  Hex/Tmut       #.........   99%         5    ######.
 Blade Hands              Tmut           #.........   100%        5    ######.


Dungeon Overview and Level Annotations

Branches:
Dungeon (10/15)            Temple (1/1) D:5
   Lair: D:8-11         Orc: D:9-12

Altars:
Ashenzari
Cheibriados
Dithmenos
Elyvilon
Fedhas
Gozag
Hepliaklqana
Kikubaaqudgha
Makhleb
Nemelex Xobeh
Okawaru
Qazlal
Ru
Sif Muna
Trog
Uskayaw
Vehumet
Wu Jian
Xom
Yredelemnul
Zin
The Shining One

Shops:
D:7 (*?!:

Annotations:
D:6 2 runed translucent doors, Dustman's ghost, novice HuGl


Innate Abilities, Weirdness & Mutations

You are resistant to torment.
Your stone body is resilient. (AC +7)
You are immune to poison.
You resist negative energy. (rN+)
You are resistant to electric shocks. (rElec)
You can survive without breathing.
You are immune to petrification.
You are immune to rotting.


Message History

You hit the yak.
The yak looks as sick as possible!
The yak is heavily wounded.
The yak barely misses you. The yak closely misses you.
You hit the yak but do no damage.
The yak is heavily wounded.
The yak gores you but does no damage. The yak misses you.
You hit the yak but do no damage.
The yak looks as sick as possible!
The yak is almost dead.
You hit the yak but do no damage.
The yak looks as sick as possible!
The yak is heavily wounded.
The yak gores you.
* * * LOW HITPOINT WARNING * * *
The yak gores you.
* * * LOW HITPOINT WARNING * * *
You hit the yak but do no damage.
The yak looks as sick as possible!
The yak is severely wounded.
The yak gores you!
* * * LOW HITPOINT WARNING * * *
The yak gores you!
You die...

##########
...
#.........
...
#.........
...
###.........
.#
#...........
.#
#....†......
.#
#...........
.#
#..YY.......
.###..
#...@.......
......
##....######
.#### #....+
.####...
#....#
.......#
#....#
<#######
#....#
.......#
#....#
#......#
#....#
#......#
##...#


You could see 2 yaks.

Vanquished Creatures
  A hydra (D:8)
  A two-headed ogre (D:9)
  A troll (D:9)
  2 dream sheep (D:8)
  A vampire (D:9)
  Sigmund (D:2)
  4 yaks
  Menkaure (D:4)
  2 orc warriors (D:8)
  3 phantoms (D:7)
  A necrophage (D:5)
  A sky beast (D:7)
  2 ogres (D:4)
  A centaur (D:9)
  4 big kobolds
  4 bullfrogs
  A gnoll sergeant (D:6)
  3 scorpions
  4 killer bees (D:9)
  2 electric eels (D:9)
  6 wights
  5 howler monkeys
  A crimson imp (D:5)
  A bullfrog zombie (D:5)
  2 jellies
  8 orc wizards
  6 orc priests
  A hound (D:6)
  Crazy Yiuf (D:4)
  A centaur skeleton (D:7)
  A bullfrog skeleton (D:5)
  An iguana (D:4)
  Natasha (thrice) (D:2)
  4 worker ants
  8 adders
  8 gnolls
  A howler monkey skeleton (D:7)
  3 shadow imps
  4 oozes
  2 adder skeletons (D:5)
  A worm (D:3)
  A dart slug (D:1)
  4 leopard geckos
  22 orcs
  3 bats
  6 giant cockroaches
  20 goblins
  15 hobgoblins
  4 jackals
  16 kobolds
  4 quokkas
  2 ball pythons
  7 frilled lizards
  12 rats
224 creatures vanquished.

Vanquished Creatures (others)
  An orc (D:3)
  A rat (D:3)
  A plant (D:8)
3 creatures vanquished.

Grand Total: 227 creatures vanquished

Notes
Turn   | Place    | Note
-------+----------+-------------------------------------------
     0 | D:1      | Borgoz the Gargoyle Gladiator began the quest for the Orb.
     0 | D:1      | Reached XP level 1. HP: 12/12 MP: 1/1
   156 | D:1      | Reached XP level 2. HP: 14/17 MP: 2/2
   566 | D:1      | Reached XP level 3. HP: 15/22 MP: 3/3
   802 | D:2      | Found an opulent altar of Gozag.
  1117 | D:2      | Reached skill level 1 in Stealth
  1218 | D:2      | Reached skill level 1 in Armour
  1364 | D:2      | Noticed Sigmund
  1378 | D:2      | Killed Sigmund
  1378 | D:2      | Reached XP level 4. HP: 18/28 MP: 4/4
  1378 | D:2      | Reached XP level 5. HP: 21/32 MP: 5/5
  1552 | D:2      | Noticed Natasha
  1566 | D:2      | Killed Natasha
  1566 | D:2      | Reached XP level 6. HP: 27/37 MP: 6/6
  1634 | D:2      | Noticed Natasha
  1643 | D:2      | Killed Natasha
  1823 | D:2      | Noticed Natasha
  1834 | D:2      | Killed Natasha
  1950 | D:3      | Found a sacrificial altar of Ru.
  2142 | D:3      | Reached XP level 7. HP: 20/41 MP: 7/7
  3566 | D:4      | Found a snail-covered altar of Cheibriados.
  3573 | D:4      | Noticed Menkaure
  3576 | D:4      | Reached skill level 5 in Short Blades
  3576 | D:4      | Reached XP level 8. HP: 48/48 MP: 8/8
  3589 | D:4      | Killed Menkaure
  3661 | D:4      | Found a runed translucent door.
  3662 | D:4      | Noticed Crazy Yiuf
  3669 | D:4      | Killed Crazy Yiuf
  3704 | D:5      | Entered Level 5 of the Dungeon
  3814 | D:5      | Found a staircase to the Ecumenical Temple.
  3863 | Temple   | Entered the Ecumenical Temple
  3991 | Temple   | Became a worshipper of Ashenzari the Shackled
  4115 | D:5      | Reached skill level 5 in Dodging
  4480 | D:5      | Found a faded altar of an unknown god.
  4480 | D:5      | Found a faded altar of an unknown god.
  4487 | D:5      | Found a deep blue altar of Sif Muna.
  4489 | D:5      | Found an opulent altar of Gozag.
  4491 | D:5      | Found a glowing golden altar of the Shining One.
  4710 | D:5      | Reached skill level 1 in Evocations
  4986 | D:6      | Found a burning altar of Makhleb.
  5017 | D:6      | Found a runed translucent door.
  5401 | D:6      | Reached XP level 9. HP: 43/53 MP: 8/10
  5417 | D:6      | Found a hazy altar of Hepliaklqana.
  5460 | D:6      | Noticed Dustman's ghost (novice HuGl)
  5489 | D:6      | Reached skill level 5 in Fighting
  5517 | D:6      | Reached * piety under Ashenzari
  5559 | D:6      | Found a runed translucent door.
  6031 | D:7      | Found Haupraups's Weapon Emporium.
  6066 | D:7      | Found Meulez's Assorted Antiques.
  6068 | D:7      | Reached skill level 5 in Stealth
  6185 | D:7      | Found Fyneq's Book Shoppe.
  6192 | D:7      | Found Abbe Suo's Magic Scroll Shop.
  6209 | D:7      | Bought a book of Misfortune for 280 gold pieces
  6211 | D:7      | Learned a level 1 spell: Confusing Touch
  6215 | D:7      | Learned a level 3 spell: Confuse
  6245 | D:7      | Bought a scroll of identify for 26 gold pieces
  6245 | D:7      | Bought a scroll of identify for 26 gold pieces
  6245 | D:7      | Bought a scroll of identify for 26 gold pieces
  6245 | D:7      | Bought a scroll of identify for 26 gold pieces
  6258 | D:7      | Found Solieg's Distillery.
  6261 | D:7      | Bought a potion of berserk rage for 65 gold pieces
  6749 | D:8      | Reached skill level 1 in Hexes
  6776 | D:8      | Reached skill level 1 in Spellcasting
  6788 | D:8      | Reached skill level 5 in Armour
  7052 | D:8      | Noticed a two-headed hydra
  7065 | D:8      | Reached XP level 10. HP: 58/60 MP: 12/12
  7092 | D:8      | Killed a two-headed hydra
  7441 | D:8      | Found a shimmering altar of Xom.
  7938 | D:9      | Found an iron altar of Okawaru.
  7998 | D:9      | Learned a level 2 spell: Blink
  8196 | D:9      | Noticed a two-headed ogre
  8209 | D:9      | Killed a two-headed ogre
  8216 | D:9      | Found a shadowy altar of Dithmenos.
  8313 | D:9      | Learned a level 3 spell: Mephitic Cloud
  8733 | D:10     | Entered Level 10 of the Dungeon
  8920 | D:10     | Slain by a yak

Skill      XL: |  1  2  3  4  5  6  7  8  9 10 |
---------------+-------------------------------+-----
Short Blades   | 3 4 5 6 7 |  7.8
Stealth        | 2 3 4 5 6 |  6.5
Armour         | 1 2 3 4 5 6 |  6.0
Dodging        | 3 4 5 6 7 |  7.1
Fighting       | 3 4 5 6 |  6.4
Evocations     | 1 2 3 |  3.7
Hexes          | 1 2 |  2.8
Spellcasting   | 1 2 |  2.8
Throwing       | |  1.7
Translocations | |  0.6

Action                   |  1- 3 |  4- 6 |  7- 9 | 10-12 || total
-------------------------+-------+-------+-------+-------++-------
Melee: Rapier            |   116 |   141 |    54 |       ||   311
       Dagger            |       |       |   542 |   351 ||   893
Throw: Throwing net      |     2 |       |     1 |     1 ||     4
 Cast: Confusing Touch   |       |       |       |     1 ||     1
Invok: Curse Item        |       |       |     1 |       ||     1
  Use: Potion            |       |     4 |     3 |     2 ||     9
       Scroll            |       |       |    14 |       ||    14
 Stab: Sleeping          |     1 |     2 |    15 |     3 ||    21
       Invisible         |       |     2 |     1 |       ||     3
       Paralysed         |       |     1 |       |       ||     1
       Held in net/web   |       |       |     1 |     1 ||     2
       Confused          |       |       |       |     1 ||     1
  Eat: Chunk             |     1 |     3 |    13 |     6 ||    23
       Ration            |       |       |     1 |       ||     1
Armor: Leather armour    |    47 |    46 |   186 |   102 ||   381
Dodge: Dodged            |    86 |   147 |   371 |   253 ||   857
